 Dungeon Crawl Stone Soup version 0.19.5 (webtiles) character file.

229 pimpchat the Archer (level 5, 0/42 HPs)
             Began as a Centaur Hunter on May 4, 2017.
             Succumbed to a water moccasin's poison
             ... on level 5 of the Dungeon.
             The game lasted 00:33:28 (2301 turns).

pimpchat the Archer (Centaur Hunter)                Turns: 2301, Time: 00:33:29

Health: 0/42       AC:  6    Str:  8    XL:     5   Next: 71%
Magic:  5/5        EV:  8    Int: 10    God:
Gold:   110        SH:  0    Dex: 11    Spells: 0 memorised, 4 levels left

rFire  . . .     SeeInvis .     a - +2 shortbow
rCold  . . .     Gourm    .     z - +0 ring mail
rNeg   . . .     Faith    .     (shield currently unavailable)
rPois  .         Spirit   .     o - +0 helmet (curse)
rElec  .         Reflect  .     (no cloak)
rCorr  .         Harm     .     (no gloves)
MR     .....                    (no barding)
Stlth  ..........               (no amulet)
                                (no ring)
                                h - -6 ring of strength (curse)

@: lethally poisoned (0 -> -28), very quick
A: hooves 3, deformed body, speed 2, tough skin 3
a: no special abilities


You were on level 5 of the Dungeon.
You were not hungry.

You visited 1 branch of the dungeon, and saw 5 of its levels.

You collected 110 gold pieces.

Inventory:

Hand Weapons
 a - a +2 shortbow (weapon)
 b - a +0 short sword
 g - a +0 hunting sling
 k - a cursed -2 dagger
 l - a +0 club
 m - a +0 hunting sling
 r - a +0 mace
 x - a +0 spear
 y - a +1 flail of protection
 A - a +0 dagger
 C - a +0 flail
Missiles
 d - 5 arrows (quivered)
 n - 91 stones
 q - 15 poisoned needles
Armour
 c - a +0 robe
 j - a +0 animal skin
 o - a cursed +0 helmet (worn)
 z - a +0 ring mail (worn)
 B - a +0 robe
Jewellery
 h - a cursed -6 ring of strength (left hand)
 D - a cursed amulet of inaccuracy
Scrolls
 e - 2 scrolls of identify
 u - a scroll of recharging
Potions
 i - a potion of agility {unknown}
 s - a potion of curing
Comestibles
 f - 2 bread rations
 p - a slice of pizza


   Skills:
 + Level 2.7 Fighting
 + Level 8.0 Bows
 + Level 1.1 Armour
 + Level 2.0 Dodging
 + Level 0.5 Stealth


You had 4 spell levels left.
You didn't know any spells.

Dungeon Overview and Level Annotations

Branches:
Dungeon (5/15)
 Temple: D:4-7

Altars:


Innate Abilities, Weirdness & Mutations

You have hooves in place of feet.
Armour fits poorly on your strangely shaped body.
You cover ground very quickly.
You have extremely tough skin. (AC +3)


Message History

[Y]es or [N]o only, please.
Really attack while wielding your +2 shortbow?
Okay, then.
Firing (i - inventory. (,) - cycle):
d - 7 arrows (quivered)
Press: ? - help, Shift-Dir - straight line, f/p - water moccasin
Aim: a water moccasin (severely wounded)
You shoot an arrow. The arrow hits the water moccasin.
The water moccasin is severely wounded.
* * * LOW HITPOINT WARNING * * *
You feel sick. The water moccasin bites you.
* * * LOW HITPOINT WARNING * * *
You are more poisoned.
The water moccasin poisons you! The water moccasin bites you.
* * * LOW HITPOINT WARNING * * *
Firing (i - inventory. (,) - cycle):
d - 6 arrows (quivered)
Press: ? - help, Shift-Dir - straight line, f/p - water moccasin
Aim: a water moccasin (severely wounded)
You shoot an arrow.
The arrow closely misses the water moccasin.
You die...

##.#.# ###<# #.#
#.# #.# #.# ##
#####.# ^#
###...(.##
.####....(.....S@#
.......# ##.####.#
.####.## . #.# ..#
##. #.# .#.. ...
#.# ..##. #.# #.#
.# .# #.# #.# ## #
#.# #.# # #.## #.#


You could see a water moccasin.

Vanquished Creatures
  A bullfrog (D:3)
  An orc wizard (D:3)
  A worker ant (D:3)
  Robin (D:4)
  4 gnolls (D:3)
  An adder (D:5)
  A worm (D:2)
  3 dart slugs
  4 orcs (D:3)
  A giant cockroach (D:1)
  13 goblins
  8 hobgoblins
  2 kobolds (D:3)
  2 bats
  A frilled lizard (D:1)
  3 rats
47 creatures vanquished.

Notes
Turn   | Place    | Note
-------+----------+-------------------------------------------
     0 | D:1      | pimpchat the Centaur Hunter began the quest for the Orb.
     0 | D:1      | Reached XP level 1. HP: 17/17 MP: 1/1
   322 | D:1      | Reached XP level 2. HP: 7/24 MP: 2/2
   418 | D:1      | Reached skill level 6 in Bows
  1016 | D:3      | Reached XP level 3. HP: 27/29 MP: 3/3
  1072 | D:3      | Reached XP level 4. HP: 13/37 MP: 4/4
  1370 | D:3      | Reached skill level 7 in Bows
  1453 | D:3      | Noticed a bullfrog
  1458 | D:3      | Killed a bullfrog
  1458 | D:3      | Reached skill level 1 in Armour
  1458 | D:3      | Reached XP level 5. HP: 41/42 MP: 5/5
  1900 | D:4      | Noticed Robin
  1919 | D:4      | Killed Robin
  2162 | D:5      | Entered Level 5 of the Dungeon
  2272 | D:5      | Reached skill level 8 in Bows
  2284 | D:5      | Noticed a water moccasin
  2300 | D:5      | HP: 2/42 [water moccasin (1)]
  2301 | D:5      | Succumbed to a water moccasin's poison

Skill      XL: |  1  2  3  4  5 |
---------------+----------------+-----
Bows           | 6 7 8 |  8.0
Armour         | 1 |  1.1
Dodging        | 2 |  2.0
Fighting       | |  2.7
Stealth        | |  0.5

Action                   |  1- 3 |  4- 6 || total
-------------------------+-------+-------++-------
Melee: Shortbow          |    31 |       ||    31
       Kick              |     8 |       ||     8
 Fire: Shortbow          |    75 |    80 ||   155
Throw: Stone             |       |    12 ||    12
  Use: Scroll            |       |     8 ||     8
       Potion            |       |     1 ||     1
  Eat: Bread ration      |       |     1 ||     1
       Beef jerky        |       |     1 ||     1
Armor: Leather armour    |    33 |     1 ||    34
       Ring mail         |       |    22 ||    22
Dodge: Dodged            |    44 |    34 ||    78
